 Dungeon Crawl Stone Soup version 0.17-a0-2098-gf59d6bc (webtiles) character file.

68 derrpe the Poker (level 4, -9/34 HPs)
             Began as a Merfolk Skald on Oct 17, 2015.
             Mangled by Sigmund
             ... wielding a +0 scythe of venom
              (10 damage)
             ... on level 2 of the Dungeon.
             The game lasted 00:02:45 (1184 turns).

derrpe the Poker (Merfolk Skald)                    Turns: 1184, Time: 00:02:45

Health: -9/34      AC:  9    Str: 17    XL:     4   Next: 19%
Magic:  7/7        EV: 12    Int: 12    God:
Gold:   53         SH:  0    Dex: 13    Spells: 3 memorised, 1 level left

rFire  . . .     SeeInvis .     a - +0 spear
rCold  . . .     Clarity  .     b - +0 leather armour
rNeg   . . .     SustAt   .     (no shield)
rPois  +         Gourm    .     q - +0 helmet
rElec  .         Spirit   .     (no cloak)
rCorr  .         Warding  .     (no gloves)
rMut   .         Stasis   .     (no boots)
MR     .....                    (no amulet)
Stlth  +.........               m - +5 ring of protection
                                e - ring of poison resistance

@: mighty, not resistant to hostile enchantments, very unstealthy
A: change form in water, swift swim
a: no special abilities


You were on level 2 of the Dungeon.
You were not hungry.

You visited 1 branch of the dungeon, and saw 2 of its levels.

You collected 53 gold pieces.

Inventory:

Hand Weapons
 a - a +0 spear (weapon)
Missiles
 h - 24 arrows
 i - 15 poisoned needles
 k - 33 bolts
Armour
 b - a +0 leather armour (worn)
 q - a +0 helmet (worn)
Jewellery
 e - a ring of poison resistance (left hand)
 m - a +5 ring of protection (right hand)
Scrolls
 j - a scroll of identify {unknown}
 p - a scroll of teleportation {unknown}
 s - a scroll of amnesia {unknown}
Potions
 o - a potion of lignification {unknown}
 r - a potion of poison {unknown}
Books
 c - a book of Battle

   Spells                             Type                      Level
   a - Infusion                       Charms                       1
   b - Shroud of Golubria             Charms/Translocation         2
   c - Song of Slaying                Charms                       2
   d - Spectral Weapon                Hexes/Charms                 3
   e - Regeneration                   Charms/Necromancy            3
Comestibles
 d - a bread ration {@e1}
 g - 4 chunks of flesh {@w0}
 n - a slice of pizza


   Skills:
 + Level 2.7 Fighting
 * Level 5.1 Polearms
 - Level 0.6 Armour
 + Level 2.2 Dodging
 - Level 2.0 Spellcasting
 + Level 3.6 Charms


You had one spell level left.
You knew the following spells:

 Your Spells              Type           Power        Failure   Level  Hunger
a - Infusion              Chrm           #.....       10%         1    ##.....
b - Shroud of Golubria    Chrm/Tloc      #.........   28%         2    ###....
c - Regeneration          Chrm/Necr      #.........   54%         3    ####...


Dungeon Overview and Level Annotations

Branches:
Dungeon (2/15)

Altars:

Annotations:
D:2 Sigmund


Message History

Attack whom?
Press: ? - help, Dir - move target cursor, f/p - Sigmund
Aim: Sigmund, wielding a scythe of venom and wearing a robe (heavily wounded)
You reach to attack!
You hit Sigmund.
Sigmund is heavily wounded.
Sigmund hits you from afar with a scythe of venom!
* * * LOW HITPOINT WARNING * * *
You are too injured to fight recklessly!
Attack whom?
Press: ? - help, Dir - move target cursor, f/p - Sigmund
Aim: Sigmund, wielding a scythe of venom and wearing a robe (heavily wounded)
You reach to attack!
You puncture Sigmund!
Sigmund is almost dead.
Attack whom?
Press: ? - help, Dir - move target cursor, f/p - Sigmund
Aim: Sigmund, wielding a scythe of venom and wearing a robe (almost dead)
You reach to attack!
You barely miss Sigmund.
Sigmund is almost dead.
Sigmund hits you from afar with a scythe of venom!
You die...

####################
...).......((.!)@..#
########......####@#
. #.###...... .. #
#.# ######.. ..# ..#
.# #### .. #


You could see Sigmund.

Vanquished Creatures
  3 adders (D:2)
  A worm (D:2)
  A giant cockroach (D:2)
  5 goblins
  9 hobgoblins
  6 kobolds
  4 bats
  3 rats
32 creatures vanquished.

Notes
Turn   | Place    | Note
--------------------------------------------------------------
     0 | D:1      | derrpe the Merfolk Skald began the quest for the Orb.
     0 | D:1      | Reached XP level 1. HP: 16/16 MP: 3/3
    80 | D:1      | Reached XP level 2. HP: 18/23 MP: 5/5
    88 | D:1      | Learned a level 2 spell: Shroud of Golubria
   421 | D:1      | Reached skill level 4 in Polearms
   746 | D:2      | Reached XP level 3. HP: 28/28 MP: 6/6
   816 | D:2      | Learned a level 3 spell: Regeneration
  1135 | D:2      | Reached XP level 4. HP: 34/34 MP: 7/7
  1146 | D:2      | Reached skill level 5 in Polearms
  1169 | D:2      | Noticed Sigmund
  1182 | D:2      | HP: 1/34 [Sigmund/scythe of venom (11)]
  1184 | D:2      | Mangled by Sigmund

Vault maps used:
D:1:      lightli_arrival_statuegarden, minmay_misc_feat_chi
D:2:      kiku_gazebo_garden_becter, gammafunk_temple_overflow_wave,
          nrook_loot_triangle, uniq_sigmund

Action                   |  1- 3 |  4- 6 || total
-------------------------+-------+-------++-------
Melee: Spear             |   126 |    25 ||   151
Throw: Stone             |    47 |     3 ||    50
  Use: Potion            |       |     2 ||     2
  Eat: Chunk             |     1 |       ||     1
